[Event "Titled Tuesday Blitz February 07 Early 2023"]
[White "Fernandez Garcia, Gumersindo"]
[Black "Souleidis, Georgios"]
[WhiteFideId "24516740"]
[BlackFideId "4206827"]
[WhiteElo "2160"]
[BlackElo "2419"]
[Result "1-0"]
[Round "11"]
[TimeControl "180+2"]
[Date "2023.02.07"]
[WhiteClock "0:00:21"]
[BlackClock "0:00:09"]

1. d4 Nf6 2. Nf3 g6 3. g3 Bg7 4. Bg2 O-O 5. O-O d6 6. c4 Nc6 7. Nc3 e5 8. e4 Bg4 9. d5 Nd4 10. Be3 Nd7 11. Nb5 Nxb5 12. cxb5 f5 13. h3 Bxf3 14. Bxf3 f4 15. Bd2 h5 16. Rc1 Rf7 17. Kg2 a6 18. bxa6 Rxa6 19. a3 Kh7 20. g4 Qg5 21. Rh1 Nc5 22. Bb4 Bf8 23. Bxc5 dxc5 24. h4 Qd8 25. gxh5 gxh5 26. Bxh5 Rg7+ 27. Kh3 Rh6 28. Qf3 Kh8 29. Rhg1 Rgh7 30. Rg5 Qd7+ 31. Qg4 Qxg4+ 32. Kxg4 Bd6 33. Rh1 b6 34. Bg6 Rg7 35. h5 Be7 36. Rxe5 Rgxg6+ 37. hxg6 Rxh1 38. Rxe7 f3 39. Kf5 Rh4 40. Rxc7 c4 41. d6 c3 42. bxc3 1-0


[Site "https://www.chess.com"]

[Event "Titled Tuesday Blitz February 07 Early 2023"]
[White "Cherniaiev, Tykhon"]
[Black "Hirneise, Jens"]
[WhiteFideId "14182360"]
[BlackFideId "24614734"]
[WhiteElo "2330"]
[BlackElo "2277"]
[Result "1-0"]
[Round "11"]
[TimeControl "180+2"]
[Date "2023.02.07"]
[WhiteClock "0:00:57"]
[BlackClock "0:00:59"]

1. Nf3 e6 2. d4 d5 3. c4 Be7 4. Nc3 Nf6 5. Bg5 O-O 6. e3 Nbd7 7. cxd5 exd5 8. Bd3 c6 9. O-O Re8 10. a3 Nf8 11. b4 Ng6 12. b5 Qa5 13. Qc2 a6 14. bxc6 bxc6 15. Bxg6 hxg6 16. Ne5 Qc7 17. Bxf6 gxf6 18. Nxd5 Qd6 19. Qxc6 Qxc6 20. Nxc6 Bd8 21. Nxd8 Rxd8 22. Nxf6+ Kg7 23. Ne4 a5 24. Nc5 Rb8 25. Rab1 Bf5 26. e4 Be6 27. d5 Rxb1 28. Rxb1 Bd7 29. Nxd7 Rxd7 30. Rb5 Rc7 31. g3 Rc4 32. e5 a4 33. d6 Rc3 34. Rd5 Rc8 35. Rd4 1-0


[Site "https://www.chess.com"]

[Event "Titled Tuesday Blitz February 07 Early 2023"]
[White "Bagwe Gaurang"]
[Black "Vlassov, Nikolai"]
[WhiteFideId "45039895"]
[BlackFideId "4103360"]
[WhiteElo "2067"]
[BlackElo "2283"]
[Result "0-1"]
[Round "11"]
[TimeControl "180+2"]
[Date "2023.02.07"]
[WhiteClock "0:00:06"]
[BlackClock "0:00:14"]

1. e4 c5 2. Nf3 d6 3. d4 cxd4 4. Nxd4 Nf6 5. Nc3 g6 6. Be3 a6 7. f3 Nbd7 8. Qd2 Qc7 9. O-O-O b5 10. Kb1 Bb7 11. g4 Ne5 12. Be2 Rc8 13. g5 Nfd7 14. f4 Nc4 15. Bxc4 Qxc4 16. a3 Nc5 17. Rhe1 Nxe4 18. Nxe4 Bxe4 19. Bf2 d5 20. Re3 Qc7 21. Bg3 Qb7 22. f5 gxf5 23. Be5 Rg8 24. h4 e6 25. Rf1 Bc5 26. Rc3 Be7 27. Nb3 Rxc3 28. Qxc3 Kd7 29. Nc5+ Bxc5 30. Qxc5 Rc8 31. Qd6+ Ke8 32. Bc3 a5 33. g6 hxg6 34. h5 b4 35. axb4 axb4 36. Bxb4 Bxc2+ 37. Ka2 Ra8+ 38. Ba3 Qb3+ 39. Ka1 Rxa3+ 40. Qxa3 Qxa3+ 41. bxa3 gxh5 42. Kb2 Be4 43. Kc3 h4 44. Rf2 h3 45. Rh2 Bg2 46. a4 Kd7 47. a5 Kc6 48. Kb4 f4 49. a6 Kb6 0-1


[Site "https://www.chess.com"]

[Event "Titled Tuesday Blitz February 07 Early 2023"]
[White "Skliarov, Viktor"]
[Black "Ortega Amarelle, Mariano"]
[WhiteFideId "14106736"]
[BlackFideId "3504301"]
[WhiteElo "2383"]
[BlackElo "2472"]
[Result "1-0"]
[Round "11"]
[TimeControl "180+2"]
[Date "2023.02.07"]
[WhiteClock "0:00:10"]
[BlackClock "0:00:17"]

1. e4 e6 2. d4 d5 3. e5 c5 4. c3 Nc6 5. Nf3 Bd7 6. Bd3 cxd4 7. cxd4 Qb6 8. O-O Nxd4 9. Nxd4 Qxd4 10. Nc3 a6 11. Kh1 Ne7 12. f4 g6 13. Qf3 Nf5 14. Rd1 Qb6 15. g4 Nh4 16. Qg3 Be7 17. Be3 d4 18. Bf2 Bc6+ 19. Ne4 h5 20. g5 Nf5 21. Qf3 O-O 22. b3 Bd5 23. Kg1 Rac8 24. Rac1 Rc7 25. Rxc7 Qxc7 26. Qe2 Rc8 27. Nf6+ Bxf6 28. gxf6 Ne3 29. Bxe3 dxe3 30. Qxe3 Qc5 31. Qxc5 Rxc5 32. h4 b5 33. Kf2 Kf8 34. Ke3 Ke8 35. Kd2 Kd7 36. Rc1 Rxc1 37. Kxc1 Bf3 38. Kd2 Bg4 39. Kc3 Bf5 40. Be2 Kc6 41. Bf3+ Kc5 42. b4+ Kb6 43. Kd4 Bb1 44. a3 Bf5 45. Be2 Bc2 46. Bf1 Bf5 47. Bg2 Bc2 48. Bh3 Bb1 49. Bxe6 1-0


[Site "https://www.chess.com"]

[Event "Titled Tuesday Blitz February 07 Early 2023"]
[White "Averjanov, Alexey"]
[Black "Cella, Glaucio Dalla Cortt"]
[WhiteFideId "14109867"]
[BlackFideId "2119455"]
[WhiteElo "2399"]
[BlackElo "1894"]
[Result "0-1"]
[Round "11"]
[TimeControl "180+2"]
[Date "2023.02.07"]
[WhiteClock "0:00:10"]
[BlackClock "0:00:28"]

1. d4 Nf6 2. c4 e5 3. dxe5 Ng4 4. Nf3 Bc5 5. e3 Nc6 6. b3 O-O 7. Bb2 Re8 8. Be2 Ncxe5 9. Nxe5 Nxe5 10. Nc3 a5 11. O-O Ra6 12. Nd5 Rh6 13. Nf4 d6 14. h3 Qg5 15. Kh2 Ng4+ 16. Bxg4 Bxg4 17. Qd5 Qxd5 18. Nxd5 c6 19. Nf4 g5 20. Nd3 Bb6 21. Rfe1 Bc7 22. Kg1 Bf5 23. Rad1 a4 24. Bc3 Rhe6 25. Kf1 R6e7 26. Bb4 Kg7 27. Rd2 f6 28. Nc1 axb3 29. axb3 c5 30. Bc3 Ra8 31. Red1 Kg6 32. f3 Rxe3 33. Bb2 Rae8 34. Kf2 Kf7 35. Rxd6 Bxd6 36. Rxd6 Bg6 37. Rxf6+ Kg8 38. Rb6 Re1 39. Rxb7 Rd1 40. Ba3 Rd2+ 41. Kg3 Rc2 42. b4 Ra8 43. Nb3 Rxa3 44. Nxc5 Raa2 45. Kg4 Rxg2# 0-1


[Site "https://www.chess.com"]

[Event "Titled Tuesday Blitz February 07 Early 2023"]
[White "Toncheva, Nadya"]
[Black "Megalios, Konstantinos"]
[WhiteFideId "2924056"]
[BlackFideId "4238044"]
[WhiteElo "2295"]
[BlackElo "2372"]
[Result "1-0"]
[Round "11"]
[TimeControl "180+2"]
[Date "2023.02.07"]
[WhiteClock "0:00:16"]
[BlackClock "0:00:01"]

1. e4 g6 2. d4 Bg7 3. c4 d6 4. Nc3 Nc6 5. Be3 e5 6. d5 Nd4 7. Bxd4 exd4 8. Nb5 c6 9. Nxd4 Qa5+ 10. Ke2 Nf6 11. f3 O-O 12. Kf2 Qb6 13. Ne2 Bd7 14. g3 Nh5 15. Kg2 Rae8 16. Qd2 c5 17. Nb3 f5 18. exf5 gxf5 19. Nc3 Qd8 20. Bd3 Qf6 21. Rae1 Bh6 22. Qf2 Qg7 23. Kf1 Rxe1+ 24. Kxe1 a6 25. Kd1 b5 26. Re1 bxc4 27. Bxc4 Nf6 28. f4 Ng4 29. Qc2 Qf6 30. h3 Bg7 31. hxg4 fxg4 32. Bd3 h5 33. Rh1 h4 34. Rxh4 Rc8 35. Bh7+ Kf8 36. Qe2 c4 37. Nd2 Qd4 38. Qe4 1-0


[Site "https://www.chess.com"]

[Event "Titled Tuesday Blitz February 07 Early 2023"]
[White "Gurevich, Dmitry"]
[Black "Gascon Del Nogal, Jose Rafael"]
[WhiteFideId "2000407"]
[BlackFideId "3902463"]
[WhiteElo "2393"]
[BlackElo "2459"]
[Result "1-0"]
[Round "11"]
[TimeControl "180+2"]
[Date "2023.02.07"]
[WhiteClock "0:01:15"]
[BlackClock "0:00:40"]

1. d4 Nf6 2. c4 g6 3. Nc3 Bg7 4. e4 d6 5. Nf3 O-O 6. Be2 e5 7. O-O exd4 8. Nxd4 Re8 9. f3 c6 10. Kh1 d5 11. exd5 cxd5 12. c5 Nc6 13. Ndb5 d4 14. Na4 Bf8 15. Bg5 Re5 16. f4 Rxg5 17. fxg5 Nd5 18. Bc4 Be6 19. Nxd4 Nxd4 20. Qxd4 Qxg5 21. Rae1 Bg7 22. Qf2 Rd8 23. Nc3 Bxc3 24. bxc3 Rd7 25. Rxe6 1-0


[Site "https://www.chess.com"]

[Event "Titled Tuesday Blitz February 07 Early 2023"]
[White "Tillyaev, Ulugbek"]
[Black "Malka, Samuel"]
[WhiteFideId "14202441"]
[BlackFideId "20643675"]
[WhiteElo "2287"]
[BlackElo "2165"]
[Result "1-0"]
[Round "11"]
[TimeControl "180+2"]
[Date "2023.02.07"]
[WhiteClock "0:01:45"]
[BlackClock "0:00:57"]

1. Nf3 c5 2. c4 Nc6 3. g3 e5 4. d3 g6 5. Bg2 Bg7 6. h4 h6 7. Nc3 d6 8. Nd5 Be6 9. Rb1 a5 10. Bd2 Nge7 11. e4 Bxd5 12. cxd5 Nd4 13. Nxd4 exd4 14. a4 h5 15. Qb3 Qc7 16. Qb5+ Kf8 17. f4 Kg8 18. Bh3 Kh7 19. Rf1 f5 20. Kd1 Rhf8 21. Re1 fxe4 22. dxe4 c4 23. Rc1 c3 24. bxc3 dxc3 25. Re3 Ra6 26. Bxc3 Rb6 27. Bxg7 Qxc1+ 28. Kxc1 Rxb5 29. Bxf8 1-0


[Site "https://www.chess.com"]

[Event "Titled Tuesday Blitz February 07 Early 2023"]
[White "Tymrakiewicz, Rafal"]
[Black "Iskusnyh, Sergei"]
[WhiteFideId "1108832"]
[BlackFideId "4120027"]
[WhiteElo "2144"]
[BlackElo "2440"]
[Result "0-1"]
[Round "11"]
[TimeControl "180+2"]
[Date "2023.02.07"]
[WhiteClock "0:00:02"]
[BlackClock "0:00:11"]

1. d4 d5 2. Bg5 h6 3. Bh4 c5 4. e3 Nc6 5. c3 g5 6. Bg3 Bg7 7. Nf3 Nf6 8. Nbd2 Nh5 9. Be5 f6 10. Ng1 fxe5 11. Qxh5+ Kf8 12. dxc5 b6 13. h4 g4 14. Ne2 bxc5 15. Ng3 Qd6 16. e4 e6 17. Qxg4 Rb8 18. Rb1 Qe7 19. Be2 Rg8 20. Qf3+ Qf7 21. Qxf7+ Kxf7 22. Bf3 Ne7 23. O-O Bf6 24. h5 Ba6 25. Be2 Bb7 26. c4 Bg5 27. Rfd1 d4 28. Bd3 Bf4 29. Ne2 Bxd2 30. Rxd2 Nc8 31. Rf1 Nd6 32. f3 Ke7 33. Rb1 Bc6 34. b3 Rbf8 35. Kf2 Rg5 36. Rh1 Ne8 37. Rb2 Nf6 38. b4 Bxe4 39. fxe4 Ng4+ 40. Ke1 Ne3 41. g3 cxb4 42. Rxb4 Kd6 43. Kd2 Nf1+ 44. Ke1 Ne3 45. Rb7 Rf3 46. Rg1 Ng4 47. Kd2 Nf2 0-1


[Site "https://www.chess.com"]

[Event "Titled Tuesday Blitz February 07 Early 2023"]
[White "Pinheiro, Iung Alicio de O."]
[Black "Mazurkiewicz, Michal"]
[WhiteFideId "2104350"]
[BlackFideId "1124943"]
[WhiteElo "2306"]
[BlackElo "2145"]
[Result "1-0"]
[Round "11"]
[TimeControl "180+2"]
[Date "2023.02.07"]
[WhiteClock "0:00:11"]
[BlackClock "0:00:08"]

1. e4 d6 2. d4 Nf6 3. Nc3 c6 4. a4 e5 5. Nf3 Qc7 6. h3 Be7 7. Bc4 O-O 8. O-O exd4 9. Nxd4 Nxe4 10. Nxe4 d5 11. Bd3 dxe4 12. Bxe4 Qe5 13. Bd3 Bc5 14. Nf3 Qh5 15. Bf4 Be6 16. Ne5 Qxd1 17. Raxd1 Na6 18. Nxc6 Rac8 19. Na5 Nb4 20. Nxb7 Nxd3 21. Rxd3 Bc4 22. Nxc5 Bxd3 23. Nxd3 Rxc2 24. Be5 Rd8 25. Rd1 Rc4 26. b3 Re4 27. Ba1 Re6 28. Kf1 f6 29. Bb2 Rb6 30. b4 Rxb4 31. Nxb4 Rxd1+ 32. Ke2 Rb1 33. Bc3 Rb3 34. Kd3 Ra3 35. Kc2 Rxa4 36. Kb3 Ra5 37. Kc4 Rf5 38. Bd4 a5 39. Nc6 a4 40. Ne7+ Kf7 41. Nxf5 Ke6 42. Ne3 a3 43. Ba1 g5 44. Kb3 f5 45. g4 f4 46. Nf5 h5 47. Kxa3 hxg4 48. hxg4 Kd5 49. f3 Kc4 50. Bf6 Kd3 51. Bxg5 Ke2 52. Bxf4 Kxf3 53. g5 Ke4 54. g6 Kxf5 55. g7 1-0


[Site "https://www.chess.com"]

[Event "Titled Tuesday Blitz February 07 Early 2023"]
[White "Manukian, Artak"]
[Black "Song, Julien"]
[WhiteFideId "13301373"]
[BlackFideId "659487"]
[WhiteElo "2196"]
[BlackElo "2350"]
[Result "0-1"]
[Round "11"]
[TimeControl "180+2"]
[Date "2023.02.07"]
[WhiteClock "0:01:14"]
[BlackClock "0:02:20"]

1. e4 e6 2. d4 d5 3. e5 c5 4. c3 Nc6 5. Nf3 Qb6 6. a3 Nh6 7. b4 cxd4 8. cxd4 Nf5 9. Bb2 Na5 10. Nbd2 Bd7 11. Bd3 Rc8 12. O-O Nc4 13. Bxc4 dxc4 14. Bc3 Qc6 15. Re1 Qd5 16. Ne4 Be7 17. a4 a6 18. Ng3 Nxg3 19. hxg3 Bc6 20. Qd2 b6 21. a5 b5 22. Qf4 g5 23. Qg4 h5 24. Qh3 g4 0-1


[Site "https://www.chess.com"]

[Event "Titled Tuesday Blitz February 07 Early 2023"]
[White "Lorenzo De La Riva, Lazaro"]
[Black "Djokovic, Nebojsa"]
[WhiteFideId "2268809"]
[BlackFideId "938300"]
[WhiteElo "2404"]
[BlackElo "2119"]
[Result "1-0"]
[Round "11"]
[TimeControl "180+2"]
[Date "2023.02.07"]
[WhiteClock "0:00:23"]
[BlackClock "0:00:01"]

1. c4 e6 2. Nc3 Nf6 3. e3 d5 4. Nf3 Be7 5. a3 O-O 6. d4 c6 7. b3 Nbd7 8. Bb2 b6 9. Bd3 dxc4 10. Bxc4 Bb7 11. O-O Qc7 12. Rc1 Rad8 13. Qe2 Qb8 14. Rfd1 Rfe8 15. e4 Nf8 16. e5 Nd5 17. Nxd5 exd5 18. Bd3 Ne6 19. g3 c5 20. h4 Rc8 21. Bf5 Rc7 22. h5 Bc8 23. Bb1 g6 24. hxg6 hxg6 25. Nh2 Nxd4 26. Bxd4 cxd4 27. Ng4 Bxg4 28. Qxg4 Rxc1 29. Rxc1 Qxe5 30. Kg2 Bxa3 31. Rc6 Bf8 32. Bd3 Bg7 33. Qf3 Re6 34. Rc8+ Re8 35. Rc2 Qd6 36. Bb5 Rd8 37. Rc6 Qb4 38. Bd3 Qxb3 39. Rc7 Rf8 40. Rxa7 b5 41. Rd7 b4 42. Rxd5 Qc3 43. Qe4 b3 44. Rb5 b2 45. Rb7 Rc8 46. Qd5 Rf8 47. Bc4 Kh8 48. Rxf7 b1=Q 49. Rxf8+ Kh7 50. Qg8+ Kh6 51. Rf4 Qb7+ 52. Bd5 Qxd5+ 53. Qxd5 Qd3 54. Rh4# 1-0


[Site "https://www.chess.com"]

[Event "Titled Tuesday Blitz February 07 Early 2023"]
[White "Horak, Martin"]
[Black "Sukandar, Irine Kharisma"]
[WhiteFideId "367095"]
[BlackFideId "7101937"]
[WhiteElo "2266"]
[BlackElo "2390"]
[Result "1/2-1/2"]
[Round "11"]
[TimeControl "180+2"]
[Date "2023.02.07"]
[WhiteClock "0:00:15"]
[BlackClock "0:00:19"]

1. d4 Nf6 2. Nf3 d5 3. c4 e6 4. Nc3 Nbd7 5. Bf4 dxc4 6. a4 a5 7. e3 Nb6 8. Ne5 Nfd5 9. Bg3 Bb4 10. Qc2 O-O 11. Nxc4 c5 12. Nxb6 Qxb6 13. Bd3 cxd4 14. exd4 Qxd4 15. O-O Nxc3 16. bxc3 Qxc3 17. Bxh7+ Kh8 18. Qxc3 Bxc3 19. Rac1 Kxh7 20. Rxc3 Bd7 21. Rb1 Bc6 22. Bc7 Rfc8 23. Bb6 Re8 24. Rc4 Kg8 25. h3 e5 26. f3 f6 27. Rb2 Kf7 28. Kf2 Ke6 29. Rd2 Re7 30. Ke3 Rd7 31. Rxd7 Kxd7 32. Rc5 Bxa4 33. Rxa5 Rxa5 34. Bxa5 b5 35. Bb4 Ke6 36. h4 Bb3 37. Bf8 Kf7 38. Bb4 Bd1 39. g3 f5 40. Bc3 Ke6 41. f4 exf4+ 42. gxf4 g6 43. Kd2 Bf3 44. Kc2 Kd5 45. Bf6 Kc4 46. Kb2 b4 47. Bg5 b3 48. Bf6 Bd5 49. Bg5 Kd3 50. Bf6 Ke4 51. Bg5 Kf3 52. Kc3 Kg4 53. Kb2 Kf3 54. Kc3 Ke2 55. Kb2 Kd3 56. Bf6 Kc4 57. Bg5 Kb4 58. Bf6 Kc4 1/2-1/2


[Site "https://www.chess.com"]

[Event "Titled Tuesday Blitz February 07 Early 2023"]
[White "Cepo, Toni"]
[Black "Royal, Shreyas"]
[WhiteFideId "4675916"]
[BlackFideId "448869"]
[WhiteElo "2145"]
[BlackElo "2438"]
[Result "0-1"]
[Round "11"]
[TimeControl "180+2"]
[Date "2023.02.07"]
[WhiteClock "0:02:06"]
[BlackClock "0:02:46"]

1. e4 c5 2. Nf3 d6 3. d4 cxd4 4. Nxd4 Nf6 5. Nc3 a6 6. h3 e5 7. Nb3 b5 8. a3 Bb7 9. Bd3 Nbd7 10. O-O d5 11. exd5 Nxd5 12. Nxd5 Bxd5 13. Qe2 Bc5 14. Be4 Bxe4 15. Qxe4 O-O 16. Nxc5 Nxc5 17. Qxe5 Ne6 18. Be3 Rc8 19. Rfd1 Qa5 20. c3 Qa4 21. Qd6 Rfd8 22. b3 Qxb3 23. Rab1 Rxd6 0-1


[Site "https://www.chess.com"]

[Event "Titled Tuesday Blitz February 07 Early 2023"]
[White "Toczek, Grzegorz"]
[Black "Garayev, Kanan"]
[WhiteFideId "1106457"]
[BlackFideId "13406671"]
[WhiteElo "2260"]
[BlackElo "2346"]
[Result "0-1"]
[Round "11"]
[TimeControl "180+2"]
[Date "2023.02.07"]
[WhiteClock "0:00:01"]
[BlackClock "0:00:10"]

1. e4 c5 2. a3 g6 3. Nc3 Bg7 4. Bc4 e6 5. d3 Ne7 6. f4 d5 7. Ba2 Nbc6 8. Nf3 O-O 9. O-O dxe4 10. Nxe4 b6 11. Rb1 Bb7 12. b4 cxb4 13. axb4 Rc8 14. Qe2 Nd4 15. Nxd4 Bxd4+ 16. Kh1 Nd5 17. Bxd5 exd5 18. Ng3 Re8 19. Qf3 Rxc2 20. f5 Qf6 21. fxg6 Qxf3 22. gxh7+ Kxh7 23. gxf3 Kg6 24. Bf4 Rh8 25. Ne4 dxe4 26. dxe4 f5 27. Rbd1 Rc4 28. e5 Rh3 29. Kg2 Rh4 30. Bg3 Rh7 31. Rd2 Rxb4 32. Rfd1 Rb2 33. Rxb2 Bxb2 34. Rd6+ Kf7 35. Rd7+ Kg8 36. Rd8+ Kg7 37. e6 Bf6 38. Rb8 Kg6 39. Bd6 Bd5 40. Rg8+ Rg7 0-1


[Site "https://www.chess.com"]

[Event "Titled Tuesday Blitz February 07 Early 2023"]
[White "Kuderinov, Kirill"]
[Black "Khamdamova, Afruza"]
[WhiteFideId "13701568"]
[BlackFideId "14210444"]
[WhiteElo "2404"]
[BlackElo "2162"]
[Result "1-0"]
[Round "11"]
[TimeControl "180+2"]
[Date "2023.02.07"]
[WhiteClock "0:00:56"]
[BlackClock "0:00:04"]

1. c4 Nf6 2. Nc3 e5 3. g3 d5 4. cxd5 Nxd5 5. Bg2 Be6 6. Nf3 Nc6 7. d3 Be7 8. Bd2 O-O 9. O-O h6 10. a3 Qd7 11. b4 a6 12. Rc1 Rad8 13. Ne4 Bh3 14. Qa4 Nd4 15. Qd1 Nxf3+ 16. Bxf3 Bxf1 17. Qxf1 b6 18. Qg2 f5 19. Nc3 Nxc3 20. Rxc3 e4 21. Bh5 Bf6 22. Rc1 exd3 23. exd3 Qxd3 24. Bf4 Rd7 25. Qc6 Re7 26. Rd1 Qc3 27. Qd5+ Kh8 28. Qxf5 Re1+ 29. Kg2 Rxd1 30. Bxd1 Be7 31. Qe4 Bd6 32. Bc2 Kg8 33. Qh7+ Kf7 34. Bxh6 Be5 35. Be4 Ke7 36. Bg5+ Kd7 37. Qh3+ Kd6 38. Qg4 Qd4 39. Be3 Qb2 40. Qg6+ Kd7 41. Qc6+ Kd8 42. Qd5+ Ke7 43. Bg5+ Bf6 44. Bf5 Bxg5 45. Qe6+ Kd8 46. Qd7# 1-0


[Site "https://www.chess.com"]

[Event "Titled Tuesday Blitz February 07 Early 2023"]
[White "Balabayeva, Xeniya"]
[Black "Korchmar, Vasiliy"]
[WhiteFideId "13719688"]
[BlackFideId "24131750"]
[WhiteElo "2191"]
[BlackElo "2438"]
[Result "0-1"]
[Round "11"]
[TimeControl "180+2"]
[Date "2023.02.07"]
[WhiteClock "0:00:08"]
[BlackClock "0:00:35"]

1. e4 c5 2. Nf3 d6 3. Bb5+ Nd7 4. a4 Nf6 5. Qe2 g6 6. O-O Bg7 7. c3 O-O 8. d4 e5 9. dxe5 Nxe5 10. Nxe5 dxe5 11. f3 Nh5 12. Be3 Qe7 13. Nd2 f5 14. exf5 gxf5 15. a5 Be6 16. Bc4 Kh8 17. Rae1 b6 18. axb6 axb6 19. f4 Bxc4 20. Nxc4 exf4 21. Qxh5 fxe3 22. Nxe3 f4 23. Nf5 Qf7 24. Qxf7 Rxf7 25. Rxf4 b5 26. g4 h5 27. h3 Ra2 28. Rf2 b4 29. cxb4 cxb4 30. Ree2 Bf8 31. g5 Bc5 32. Kg2 Bxf2 33. Rxf2 Kh7 34. Kg3 Ra5 35. g6+ Kxg6 36. Nh4+ Kg7 37. Re2 Rd5 38. Re3 Rfd7 39. Nf3 Rd3 40. Re5 Rf7 0-1


[Site "https://www.chess.com"]

[Event "Titled Tuesday Blitz February 07 Early 2023"]
[White "Iljin, Timofey"]
[Black "Demin, Vladimir"]
[WhiteFideId "14110180"]
[BlackFideId "4167457"]
[WhiteElo "2329"]
[BlackElo "2430"]
[Result "0-1"]
[Round "11"]
[TimeControl "180+2"]
[Date "2023.02.07"]
[WhiteClock "0:00:10"]
[BlackClock "0:01:45"]

1. d4 d5 2. c4 e6 3. Nc3 Nf6 4. cxd5 exd5 5. Bg5 Be7 6. e3 h6 7. Bh4 Bg4 8. f3 Be6 9. Bd3 c5 10. Nge2 Nc6 11. O-O cxd4 12. exd4 O-O 13. Kh1 Kh8 14. Bf2 Bd6 15. Ng3 Qd7 16. Re1 a6 17. Na4 Rae8 18. Rc1 Bf4 19. Nc5 Qc7 20. Nxe6 fxe6 21. Rc2 e5 22. dxe5 Rxe5 23. Rxe5 Qxe5 24. Re2 Qg5 25. Nf5 Ne5 26. Ne7 Re8 27. h4 Qh5 28. Rxe5 Bxe5 29. Bg6 Rxe7 30. Bxh5 Nxh5 31. Qxd5 Kh7 32. Qd3+ g6 0-1


[Site "https://www.chess.com"]

[Event "Titled Tuesday Blitz February 07 Early 2023"]
[White "Ramirez Allo, Eduardo"]
[Black "Kvaloy, Aksel Bu"]
[WhiteFideId "2224178"]
[BlackFideId "1528815"]
[WhiteElo "2274"]
[BlackElo "2321"]
[Result "0-1"]
[Round "11"]
[TimeControl "180+2"]
[Date "2023.02.07"]
[WhiteClock "0:00:02"]
[BlackClock "0:00:23"]

1. Nf3 Nf6 2. g3 d5 3. c4 c6 4. Bg2 Bg4 5. O-O e6 6. d4 Nbd7 7. Nc3 Bd6 8. Bf4 Bxf4 9. gxf4 O-O 10. e3 Ne8 11. Qb3 Rb8 12. Ne5 Bf5 13. a4 Nd6 14. cxd5 exd5 15. Qa3 Qf6 16. b4 a6 17. b5 axb5 18. axb5 Nb6 19. bxc6 bxc6 20. Qc5 Nbc4 21. Ra6 Qh4 22. Rxc6 Nxe5 23. fxe5 Ne4 24. Qxd5 Rfd8 25. Qa2 Qg5 26. f4 Qg4 27. Nxe4 Bxe4 28. Rc7 Rbc8 29. Rxc8 Rxc8 30. Qf2 Rc2 31. Rb1 h5 32. Qg3 Rxg2+ 0-1


[Site "https://www.chess.com"]

[Event "Titled Tuesday Blitz February 07 Early 2023"]
[White "Shapiro, Viktor"]
[Black "Kaplan, Avi Harrison"]
[WhiteFideId "4175700"]
[BlackFideId "30934559"]
[WhiteElo "2192"]
[BlackElo "2146"]
[Result "0-1"]
[Round "11"]
[TimeControl "180+2"]
[Date "2023.02.07"]
[WhiteClock "0:00:32"]
[BlackClock "0:00:05"]

1. c4 g6 2. Nc3 Bg7 3. Nf3 d6 4. d4 Nc6 5. Bg5 Nf6 6. e3 O-O 7. h3 e5 8. Be2 exd4 9. exd4 h6 10. Be3 d5 11. c5 Re8 12. O-O Be6 13. b4 Qd7 14. b5 Na5 15. Ne5 Qc8 16. Qa4 b6 17. Bf3 Nd7 18. Nxd7 Qxd7 19. c6 Qc8 20. Nxd5 Bxh3 21. gxh3 Qxh3 22. Bg2 Qh4 23. Nxc7 Be5 24. dxe5 Qxa4 25. Nxa8 Rxa8 26. c7 Rc8 27. Rac1 Nc4 28. Bf4 Rxc7 29. e6 Re7 30. exf7+ Kxf7 31. Bd5+ Kg7 32. Rxc4 Qxb5 33. Rd1 Qe8 34. Bf3 Re1+ 35. Rxe1 Qxe1+ 36. Kg2 a5 37. Rc7+ Kf6 38. Rc6+ Kf5 39. Be3 Qb4 40. Rxb6 Qa4 41. Rb2 g5 42. Rd2 g4 43. Bd5 h5 44. Kg3 Qb5 45. Bg2 Qb8+ 46. f4 gxf3+ 47. Kxf3 Qb7+ 48. Kf2 Qb4 49. Rd5+ Ke6 50. Rxh5 Qb2+ 51. Kg3 Qxa2 52. Rh6+ Ke5 53. Rh5+ Ke6 54. Bh3+ Kf6 55. Rf5+ Kg6 56. Rf2 Qb3 57. Bf5+ Kg7 58. Kf3 Qb7+ 59. Be4 Qf7+ 60. Kg3 Qc7+ 61. Rf4 Qc3 62. Kf3 Qa3 63. Rf5 a4 64. Ra5 Kf7 65. Kf4 Qa1 66. Ra7+ Kf6 67. Ra6+ Kf7 68. Bd5+ Kg7 69. Ke4 Qb1+ 70. Ke5 Qb2+ 71. Bd4 Qe2+ 72. Kd6+ Kh7 73. Ra7+ Kg6 74. Rxa4 Qh2+ 75. Be5 Qg1 76. Rf4 Qb6+ 77. Bc6 Qd8+ 78. Ke6 Qc8+ 79. Kd5 Qd8+ 80. Kc4 Qa5 81. Bd4 Qa6+ 82. Kd5 Qa5+ 83. Ke6 Qc7 84. Rf6+ Kg5 85. Kd5 Qd8+ 86. Rd6 Qa5+ 87. Ke6 Qa2+ 88. Kd7 Qf7+ 89. Kc8 Qf8+ 90. Kb7 Qxd6 91. Bb6 Kf6 92. Bc7 Qb4+ 93. Bb6 Ke7 94. Kc7 Qc4 95. Kb7 Kd6 96. Bc7+ Kc5 97. Bb6+ Kd6 98. Bc7+ Ke7 99. Bb6 Qe6 100. Kc7 Qd6+ 101. Kb7 Qe5 102. Bc7 Qc5 103. Bb6 Qb4 104. Kc7 Qf4+ 105. Kb7 Qf7 106. Bc5+ Kd8+ 107. Kb6 Kc8 108. Bd6 Qb3+ 109. Kc5 Qa3+ 110. Kd5 Qd3+ 111. Kc5 Qc3+ 112. Kd5 Qa5+ 113. Ke6 Qb6 114. Bd5 Kd8 115. Ke5 Qe3+ 116. Kf5 Kd7 117. Be5 Qd3+ 118. Be4 Qh3+ 119. Kf4 Ke6 120. Bd4 Qh4+ 121. Ke3 Qg3+ 122. Ke2 Qf4 123. Kd3 Kd6 124. Be3 Qe5 125. Bf3 Qb5+ 126. Kd2 Ke5 127. Be2 Qb2+ 128. Kd3 Qb3+ 129. Kd2 Ke4 130. Bf2 Qb2+ 131. Kd1 Qc3 132. Be1 Qb3+ 133. Kd2 Qb2+ 134. Kd1 Ke3 135. Ba5 Qb1# 0-1


[Site "https://www.chess.com"]

[Event "Titled Tuesday Blitz February 07 Early 2023"]
[White "sabkeIXO"]
[Black "Kopczynski, Michal"]
[BlackFideId "1124200"]
[WhiteElo "2467"]
[BlackElo "2225"]
[Result "0-1"]
[Round "11"]
[TimeControl "180+2"]
[Date "2023.02.07"]
[WhiteClock "0:00:04"]
[BlackClock "0:00:33"]

1. e4 b6 2. Nc3 Bb7 3. Nf3 e6 4. d4 Nf6 5. Bd3 d5 6. e5 Nfd7 7. Ne2 c5 8. c3 Nc6 9. O-O Qc7 10. a3 O-O-O 11. Bb5 h6 12. Bxc6 Qxc6 13. dxc5 bxc5 14. b4 c4 15. Ned4 Qc7 16. Qe2 g5 17. Nb5 Qb8 18. h3 a6 19. Nbd4 Bg7 20. Re1 Rdg8 21. a4 Bf8 22. Nh2 h5 23. a5 g4 24. hxg4 hxg4 25. Nxg4 Rh4 26. f3 Bg7 27. Bf4 Rgh8 28. Bg3 R4h5 29. b5 Nc5 30. bxa6 Bxa6 31. Rab1 Qc7 32. Rb6 Nd3 33. Bh2 Bxe5 34. Rxa6 Bxh2+ 35. Kf1 Bg3 36. Ra8+ Kb7 37. Rxh8 Rxh8 38. Rb1+ Ka8 39. Kg1 Bh2+ 40. Kf1 Be5 41. Kg1 Bxd4+ 42. cxd4 f5 43. Nf2 Qh2+ 44. Kf1 Qh1+ 45. Nxh1 Rxh1# 0-1


[Site "https://www.chess.com"]

[Event "Titled Tuesday Blitz February 07 Early 2023"]
[White "Reprintsev, Alexander"]
[Black "Zacurdajev, Dmitry"]
[WhiteFideId "14100541"]
[BlackFideId "4196309"]
[WhiteElo "2253"]
[BlackElo "2273"]
[Result "0-1"]
[Round "11"]
[TimeControl "180+2"]
[Date "2023.02.07"]
[WhiteClock "0:00:47"]
[BlackClock "0:00:28"]

1. e4 c6 2. Nc3 d5 3. Nf3 Bg4 4. h3 Bxf3 5. Qxf3 e6 6. b3 Nf6 7. e5 Nfd7 8. Qg3 c5 9. Bb2 Nc6 10. f4 g6 11. h4 h5 12. O-O-O Qa5 13. Kb1 a6 14. Nxd5 O-O-O 15. Ne3 Nb6 16. c3 Nd5 17. Nc4 Qc7 18. Nd6+ Kb8 19. d4 Bxd6 20. exd6 Qxd6 21. dxc5 Nxc3+ 22. Bxc3 Qxd1+ 23. Kb2 Nd4 24. Bd3 Qxh1 25. f5+ Ka8 26. Be4 Ne2 27. Qc7 Qc1# 0-1


[Site "https://www.chess.com"]

[Event "Titled Tuesday Blitz February 07 Early 2023"]
[White "Golubev, Mikhail"]
[Black "Danielyan, Vahe"]
[WhiteFideId "14100983"]
[BlackFideId "13304828"]
[WhiteElo "2461"]
[BlackElo "2346"]
[Result "1-0"]
[Round "11"]
[TimeControl "180+2"]
[Date "2023.02.07"]
[WhiteClock "0:00:15"]
[BlackClock "0:00:43"]

1. e4 c5 2. Nf3 Nc6 3. Nc3 g6 4. d4 cxd4 5. Nxd4 Bg7 6. Be3 Qa5 7. Qd2 Nf6 8. f3 O-O 9. O-O-O a6 10. h4 b5 11. Nb3 Qc7 12. h5 Ne5 13. hxg6 fxg6 14. Nd5 Nxd5 15. Qxd5+ e6 16. Qxa8 Nc6 17. Nc5 Qe5 18. c3 b4 19. f4 Qc7 20. cxb4 Nxb4 21. Kb1 d6 22. Rc1 dxc5 23. Bxc5 Bb7 24. Bxf8 Bxe4+ 25. Qxe4 1-0


[Site "https://www.chess.com"]